 Dungeon Crawl Stone Soup version 0.29.1-1-gd02db6906a (webtiles) character file.

Game seed: 8980919417269970859

252 lonewolfV2 the Covered (level 6, -2/33 (52) HPs)
             Began as a Meteoran Fighter on Oct 14, 2022.
             Slain by Sigmund
             ... wielding a +0 scythe
              (7 damage)
             ... on level 3 of the Dungeon.
             The game lasted 00:05:45 (1959 turns).

lonewolfV2 the Covered (Meteoran Fighter)           Turns: 1959, Time: 00:05:45

HP:   -2/33 (52)    AC:  7    Str: 18    XL:     6   Next: 63%
MP:   7/7           EV:  9    Int: 10    God:
Gold: 119           SH:  5    Dex: 15    Spells: 5/5 levels left

rFire   . . .      SeeInvis .   a - +0 war axe
rCold   . . .      Faith    .   c - +0 buckler
rNeg    . . .      Spirit   .   b - +0 scale mail
rPois   +          Reflect  .   (no helmet)
rElec   .          Harm     .   (no cloak)
rCorr   .          Rampage  .   (no gloves)
Will    .....                   (no boots)
Stlth   ..........              (no amulet)
HPRegen 0.11/turn               j - ring of poison resistance
MPRegen 0.10/turn               (no ring)

@: glowing, very heavily drained
A: sense surroundings 1, otherworldly, glowing, explore regen
a: no special abilities


You were on level 3 of the Dungeon.
You visited 1 branch of the dungeon, and saw 3 of its levels.

You collected 119 gold pieces.

Inventory:

Hand Weapons
 a - a +0 war axe (weapon)
Armour
 b - a +0 scale mail (worn)
 c - a +0 buckler (worn)
Jewellery
 j - a ring of poison resistance (left hand)
Scrolls
 i - a scroll of blinking
Potions
 d - a potion of might
 e - a potion of haste
 f - a potion of mutation {unknown}
 g - a potion of berserk rage {unknown}
 h - 2 potions of curing {unknown}


   Skills:
 + Level 4.1 Fighting
 + Level 4.8 Axes
 + Level 4.9 Armour
 + Level 1.5 Dodging
 + Level 0.4 Stealth
 + Level 4.6 Shields


You had 5 spell levels left.
You didn't know any spells.
Your spell library contained the following spells:

 Spells                   Type           Power      Damage    Failure   Level
 Summon Small Mammal      Summ           0%         N/A       82%         1
 Poisonous Vapours        Pois/Air       0%         N/A       91%         2
 Call Canine Familiar     Summ           0%         N/A       99%         3
 Inner Flame              Hex/Fire       0%         N/A       99%         3
 Summon Guardian Golem    Hex/Summ       0%         N/A       99%         3
 Cause Fear               Hex            0%         N/A       100%        4
 Corpse Rot               Necr/Pois/Air  0%         N/A       100%        4
 Discord                  Hex            0%         N/A       100%        8


Dungeon Overview and Level Annotations

Branches:
Dungeon (3/15) Zot: 179

Altars:

Annotations:
D:3 Sigmund


Innate Abilities, Weirdness & Mutations

You passively map a small area around you.
You are easily found by Zot.
You glow in the dark.
You regain HP and MP as you explore.


Message History

Zot draws nearer.
Dive deeper or flee this branch before you suffer!
Items here: ))) †.
You open the door. As you open the door, it creaks loudly!
There is an open door here.
Zot has nearly found you.
Suffering is approaching.
Descend or flee this branch!
You open the door.
There is an open door here.
You open the door.
There is an open door here.
Zot's power touches on you...
You feel drained.
There is an open door here.
Sigmund the Dreaded comes into view.
He is wielding a +0 scythe.
Sigmund shouts!
Sigmund points at you and mumbles some strange words.
The puff of flame hits you.
Sigmund is nearby!
Sigmund is nearby!
Sigmund mumbles some strange words.
Sigmund flickers and vanishes!
Deactivating autopickup; reactivate with Ctrl-A.
Found 16 gold pieces.
You block something's attack.
You closely miss something. Something hits you!
You hit something.
You hear some strange, mumbled words.
You are confused.
You bump into the rock wall.
Something hits you.
You bump into the rock wall.
You bump into the rock wall.
Something hits you! Something hits you but does no damage.
You bump into the rock wall.
You bump into the rock wall.
Something hits you but does no damage.
You bump into the rock wall.
You feel less confused. Something hits you.
* * * LOW HITPOINT WARNING * * *
You hit something but do no damage. Something hits you!
You die...

#.# #.........<.................
#.# #.....#######...#.##......)#
#.# #...†.##......###.##.......#
#.# #..)..##......# * ##...(...#
#.# #.....##......#* #.......#
##.###.............+ *#.......#
..........###......# **#.......#
....###'#################.......#
[...# #.# #....@{....$.#..)....#
....# #.# ##'##########.####..###
....# #.###........# * *.... ,
....# #...'........# * #.#. #####
#####........# ..#. , ##########
** ,


There were no monsters in sight!

Vanquished Creatures
  An ice beast (D:3)
  An orc priest (D:3)
  Jessica (D:2)
  An iguana (D:3)
  Robin (D:3)
  A worm (D:3)
  3 orcs (D:3)
  6 bats
  5 endoplasms
  3 giant cockroaches
  10 goblins
  6 hobgoblins
  7 ball pythons
  3 frilled lizards (D:1)
  8 kobolds
  4 rats
61 creatures vanquished.

Vanquished Creatures (others)
  12 plants (D:3)
12 creatures vanquished.

Grand Total: 73 creatures vanquished

Notes
Turn   | Place    | Note
-------+----------+-------------------------------------------
     0 | D:1      | lonewolfV2 the Meteoran Fighter began the quest for the
                  | Orb.
     0 | D:1      | Reached XP level 1. HP: 19/19 MP: 2/2
    64 | D:1      | Reached XP level 2. HP: 26/26 MP: 3/3
   151 | D:1      | Reached XP level 3. HP: 26/31 MP: 4/4
   477 | D:1      | Glimpsed the power of Zot.
   775 | D:2      | Noticed Jessica
   794 | D:2      | Killed Jessica
   795 | D:2      | Reached XP level 4. HP: 19/40 MP: 5/5
  1059 | D:2      | Glimpsed the power of Zot.
  1109 | D:2      | Glimpsed the power of Zot.
  1149 | D:2      | Glimpsed the power of Zot.
  1159 | D:2      | Touched by the power of Zot.
  1238 | D:3      | Noticed Robin
  1287 | D:3      | Noticed an ice beast
  1305 | D:3      | HP: 2/40 [ice beast (6)]
  1312 | D:3      | Killed an ice beast
  1313 | D:3      | Reached skill level 1 in Dodging
  1313 | D:3      | Reached XP level 5. HP: 4/45 MP: 6/6
  1313 | D:3      | Reached XP level 6. HP: 5/51 MP: 7/7
  1710 | D:3      | Killed Robin
  1772 | D:3      | Found a faded altar of an unknown god.
  1840 | D:3      | Glimpsed the power of Zot.
  1889 | D:3      | Glimpsed the power of Zot.
  1929 | D:3      | Glimpsed the power of Zot.
  1939 | D:3      | Touched by the power of Zot.
  1942 | D:3      | Noticed Sigmund
  1959 | D:3      | Slain by Sigmund

Illustrated notes

Levels and vault maps discovered:
D:1:      minmay_arrival_diagonal_passages, layout_rooms
D:2:      layout_loops_ring, glass_columns_a, uniq_jessica
D:3:      layout_basic, pdpol_wu_jian_five_deadly_venoms,
          hellmonk_ecumenical_altar_inner_sanctum, serial_bayou_ford_a,
          uniq_sigmund, uniq_robin

Skill      XL: |  1  2  3  4 |
---------------+-------------+-----
Shields        | 4 |  4.6
Armour         | 4 |  4.9
Axes           | 3 4 |  4.8
Fighting       | 4 |  4.1
Dodging        | 1 |  1.5
Stealth        | |  0.4

Action                   |  1- 3 |  4- 6 || total
-------------------------+-------+-------++-------
Melee: War axe           |    96 |    70 ||   166
  Use: Scroll            |     5 |     3 ||     8
       Potion            |       |     2 ||     2
Armor: Scale mail        |    66 |    43 ||   109
       Skin              |       |    10 ||    10
Dodge: Dodged            |    44 |    32 ||    76
Block: Buckler           |    44 |    25 ||    69
